 Dungeon Crawl Stone Soup version 0.30-a0-613-gdd512c7efb (webtiles) character file.

Game seed: 9886469059588171768

259 acebull12 the Sneak (level 6, -1/30 HPs)
             Began as a Vine Stalker Brigand on Jan 8, 2023.
             Splashed by a jelly's acid (4 damage)
             ... on level 4 of the Dungeon on Jan 9, 2023.
             The game lasted 00:09:10 (2853 turns).

acebull12 the Sneak (Vine Stalker Brigand)          Turns: 2853, Time: 00:09:11

Health: -1/30      AC: -8    Str: 14    XL:     6   Next: 17%
Magic:  0/7        EV: 10    Int: 11    God:
Gold:   146        SH:  0    Dex: 17    Spells: 5/5 levels left

rFire   . . .      SeeInvis .    a - +2 dagger
rCold   . . .      Faith    .    (no shield)
rNeg    . . .      Spirit   +    k - +0 ring mail
rPois   .          Reflect  .    (no helmet)
rElec   .          Harm     .    c - +0 cloak
rCorr   +          Rampage  .    l - +0 pair of gloves
Will    .....                    (no boots)
Stlth   +++                      (no amulet)
HPRegen 1.05/turn                s - ring of resist corrosion
MPRegen 0.10/turn                (no ring)

@: corroded
A: fangs 2, regeneration 1, magic shield, antimagic bite, no potion heal 2
a: no special abilities


You were on level 4 of the Dungeon.
You visited 1 branch of the dungeon, and saw 4 of its levels.

You collected 146 gold pieces.

Inventory:

Hand Weapons
 a - a +2 dagger (weapon)
Missiles
 d - 11 poisoned darts (quivered)
 e - 3 curare-tipped darts
 m - a throwing net
 o - 41 stones
Armour
 c - a +0 cloak (worn)
 k - a +0 ring mail (worn)
 l - a +0 pair of gloves (worn)
Jewellery
 h - a ring of protection from fire
 s - a ring of resist corrosion (left hand)
Scrolls
 g - a scroll of amnesia {unknown}
 i - a scroll of acquirement {unknown}
 j - 2 scrolls of identify {unknown}
 q - a scroll of blinking {unknown}
 u - a scroll of noise {unknown}
 v - a scroll of vulnerability {unknown}
 w - a scroll of teleportation {unknown}
Potions
 b - a potion of cancellation {unknown}
 f - a potion of lignification {unknown}
 n - a potion of invisibility {unknown}
 p - a potion of brilliance {unknown}
 r - 5 potions of curing {unknown}
 t - a potion of flight {unknown}


   Skills:
 + Level 2.2 Fighting
 + Level 3.2 Short Blades
 + Level 1.9 Throwing
 + Level 1.4 Armour
 + Level 1.3 Dodging
 * Level 7.3 Stealth


You had 5 spell levels left.
You didn't know any spells.
Your spell library contained the following spells:

 Spells                   Type           Power      Damage    Failure   Level
 Stone Arrow              Conj/Erth      0%         3d7       91%         3
 Animate Armour           Summ/Erth      0%         N/A       100%        4
 Lehudib's Crystal Spear  Conj/Erth      0%         10d2      100%        8


Dungeon Overview and Level Annotations

Branches:
Dungeon (4/15)
 Temple: D:4-7

Altars:
Ashenzari
Yredelemnul

Shops:
D:2 !


Innate Abilities, Weirdness & Mutations

You have extremely sharp teeth.
Your natural rate of healing is unusually fast.
When hurt, damage is shared between your health and your magic reserves.
Your bite disrupts and absorbs the magic of your enemies.
Potions cannot restore your health.


Message History

The jelly attacks as you move away! The jelly hits you. The acid corrodes you!
You are splashed with acid.
You resist. The jelly attacks as you move away! The jelly closely misses you.
You hit the jelly but do no damage. The acid corrodes you!
Your hands burn!
The jelly is moderately wounded.
You hit the jelly but do no damage. The acid corrodes you!
Your hands burn!
You bite the jelly, but do no damage.
The jelly is moderately wounded.
The jelly completely misses you.
You hit the jelly but do no damage.
Your hands burn!
Your bite misses the jelly.
The jelly is moderately wounded.
The jelly barely misses you.
You hit the jelly but do no damage. The acid corrodes you!
Your hands burn!
The jelly is moderately wounded.
The jelly hits you.
You are splashed with acid.
You resist.
You hit the jelly but do no damage.
Your hands burn!
The jelly is moderately wounded.
The jelly hits you.
You are splashed with acid.
You resist.
You hit the jelly but do no damage.
Your hands burn!
Your bite misses the jelly.
The jelly is moderately wounded.
The jelly hits you.
You are splashed with acid.
You resist.
You hit the jelly but do no damage.
Your hands burn!
* * * LOW HITPOINT WARNING * * *
You bite the jelly, but do no damage.
The jelly is moderately wounded.
The jelly closely misses you. The jelly attacks as you move away!
The jelly hits you.
* * * LOW HITPOINT WARNING * * *
You are splashed with acid.
You resist.
* * * LOW HITPOINT WARNING * * *
The jelly attacks as you move away! The jelly hits you.
* * * LOW HITPOINT WARNING * * *
You are splashed with acid.
You resist.
* * * LOW HITPOINT WARNING * * *
The jelly attacks as you move away! The jelly hits you.
* * * LOW HITPOINT WARNING * * *
You are splashed with acid.
You resist.
You die...

# # # # # # ########### #.. #
#.........# #..#
###########.#######.# .....
.......†........@.#.####....[
#########...#####J#.#........
#...# #n#.#........
#...#####.#..........
#.......#>..#........
#.......#.#.#........
#.......#.#.#g.......
#.......#.#.#.##.....
#...#####...#.. ..##.


You could see a necrophage and a jelly.

Vanquished Creatures
  A necrophage (D:4)
  An orc wizard (D:3)
  A scorpion zombie (D:3)
  8 adders
  A worm (D:2)
  A dart slug (D:1)
  8 orcs (D:3)
  8 ball pythons
  6 bats
  5 endoplasms
  A giant cockroach (D:2)
  6 goblins
  6 hobgoblins
  A ball python zombie (D:3)
  4 frilled lizards
  5 kobolds
  3 rats
66 creatures vanquished.

Notes
Turn   | Place    | Note
-------+----------+-------------------------------------------
     0 | D:1      | acebull12 the Vine Stalker Brigand began the quest for the
                  | Orb.
     0 | D:1      | Reached XP level 1. HP: 11/11 MP: 2/2
    61 | D:1      | Reached skill level 5 in Stealth
   232 | D:1      | Reached XP level 2. HP: 15/15 MP: 3/3
   622 | D:1      | Reached XP level 3. HP: 18/18 MP: 4/4
   953 | D:2      | Reached skill level 6 in Stealth
  1257 | D:2      | Gained mutation: Your natural rate of healing is unusually
                  | fast. [Vine Stalker growth]
  1257 | D:2      | Reached XP level 4. HP: 23/23 MP: 5/5
  1275 | D:2      | Found Rack's Distillery.
  1857 | D:3      | Reached skill level 1 in Dodging
  1975 | D:3      | Found a broken altar of Ashenzari.
  2190 | D:3      | Reached XP level 5. HP: 23/26 MP: 4/6
  2284 | D:3      | Reached skill level 7 in Stealth
  2426 | D:3      | Found a basalt altar of Yredelemnul.
  2623 | D:3      | Reached skill level 1 in Armour
  2780 | D:4      | Reached XP level 6. HP: 22/30 MP: 7/7
  2853 | D:4      | Splashed by a jelly's acid

Illustrated notes

Levels and vault maps discovered:
D:1:      heliophobic_arrival_glass_houses, layout_loops_ring, minmay_domino_2
D:2:      layout_loops_ring, serial_shops, nicolae_shop_behind_doors
D:3:      layout_basic, lemuel_crystal_altar, lemuel_zombie_altar_yredelemnul
D:4:      layout_basic

Skill      XL: |  1  2  3  4  5 |
---------------+----------------+-----
Stealth        | 5 6 7 |  7.3
Short Blades   | 2 3 |  3.2
Dodging        | 1 |  1.3
Fighting       | 2 |  2.2
Armour         | 1 |  1.4
Throwing       | |  1.9

Action                   |  1- 3 |  4- 6 || total
-------------------------+-------+-------++-------
Melee: Dagger            |    78 |   141 ||   219
       Bite              |    14 |    41 ||    55
       Punch             |     3 |     1 ||     4
 Stab: Sleeping          |     8 |     6 ||    14
Armor: Robe              |    11 |       ||    11
       Ring mail         |    11 |    56 ||    67
Dodge: Dodged            |    35 |    45 ||    80

Table legend: (Time is in decaauts)
 A = Elapsed time spent in this place.
 B = Non-inter-level travel time spent in this place.
 C = Inter-level travel time spent in this place.
 D = Time resting spent in this place.
 E = Time spent auto-exploring this place.
 F = Levels seen in this place.
 G = Mean time per level.
                   A        B        C        D        E       F      G
               +--------+--------+--------+--------+--------+-----+--------+
         Total |   2826 |   2636 |    190 |      0 |   2056 |   4 |  706.5 |
       Dungeon |   2826 |   2636 |    190 |      0 |   2056 |   4 |  706.5 |
               +--------+--------+--------+--------+--------+-----+--------+

Top non-repeatable levels by time:
     D:1: 990 daAuts
     D:3: 981 daAuts
     D:2: 735 daAuts
     D:4: 119 daAuts
